AoeStats
← Silent Bill

MegaRandom

513580903Analyzed
4v4 RM · 5d ago on Oct 14, 2026· 15m 6s· 8 players
Game mode
Random Map
Map size
Large (8 player)
Population
200
Speed
Normal
Resources
Standard
Victory
Conquest
Starting age
Dark Age
Ending age
Imperial Age
RankedLock teamsTeams togetherTeam positionsShared explorationLock speedFull tech treeHidden civsTurbo modeCheats
Victory
Defeat
🇹🇷 Britons · Türkiye
1673
+8
🇹🇼 Khmer · Taiwan
1631
+9
1478
+15
🇦🇺 Saracens · Australia
1419
+17
vs
🇺🇸 Mongols · United States
1677
-21
🇷🇴 Danes · Romania
1456
-12
🇪🇸 Malians · Spain
1357
-8
🇹🇷 Sicilians · Türkiye
1343
-8
boo
9:31 Feudal Age
10:01 Double-Bit Axe
11:50 Wheelbarrow
16:32 Castle Age
Jeffrey
8:03 Loom
10:16 Feudal Age
10:18 Man-at-Arms
14:39 Forging
KRAIKTON
11:19 Feudal Age
11:50 Double-Bit Axe
12:33 Horse Collar
Zaferr
7:55 Loom
9:42 Feudal Age
16:05 Castle Age
Wuyen
8:33 Loom
10:21 Feudal Age
11:30 Double-Bit Axe
15:43 Castle Age
15:34 Bloodlines
P3RL
5:59 Loom
9:43 Feudal Age
10:28 Double-Bit Axe
13:28 Fletching
Silent Bill
5:12 Loom
10:47 Feudal Age
11:36 Double-Bit Axe
15:02 Fletching
大冲车 滴滴 创死你
9:37 Feudal Age
10:20 Double-Bit Axe
11:33 Horse Collar
13:54 Forging
Connection lost

Rejoining the realm…

Still unreachable

The connection could not be restored.

Session expired

The server has moved on; the page needs a fresh start.